 Dungeon Crawl Stone Soup version 0.30-a0-782-ge64f9170bb (webtiles) character file.

Game seed: 18280805971263030694

1020 locomotivebreath the Caller (level 8, 0/58 (61) HPs)
             Began as a Kobold Summoner on Feb 27, 2023.
             Slain by a wight
             ... wielding a +0 long sword
              (6 damage)
             ... on level 8 of the Dungeon.
             The game lasted 00:48:11 (7823 turns).

locomotivebreath the Caller (Kobold Summoner)       Turns: 7823, Time: 00:48:12

HP:   0/58 (61)     AC:  4    Str: 11    XL:     8   Next: 46%
MP:   0/16          EV: 15    Int: 19    God:
Gold: 234           SH:  0    Dex: 14    Spells: 8/18 levels left

rFire   . . .      SeeInvis +    p - +2 dagger (venom)
rCold   . . .      Faith    .    (no shield)
rNeg    + . .      Spirit   +    a - +0 robe
rPois   .          Reflect  .    (no helmet)
rElec   .          Harm     .    (no cloak)
rCorr   .          Rampage  .    (no gloves)
Will    .....      Clarity  +    r - +1 pair of boots of Vehumet's Displeasure {Int+3} Stlth
                                 g - amulet of guardian spirit
HPRegen 0.29/turn                d - ring of positive energy
MPRegen 0.15/turn                n - ring of see invisible

@: berserking, lightly drained, very quick
A: small, no large weapons, nightstalker 3, clarity, strong 1
a: no special abilities


You were on level 8 of the Dungeon.
You visited 1 branch of the dungeon, and saw 6 of its levels.

You collected 234 gold pieces.

Inventory:

Hand Weapons
 k - the +4 dagger "Beetlebane" {antimagic, rPois rC+ Will+}
   (You found it on level 3 of the Dungeon)

   rC:        It protects you from cold.
   rPois:     It protects you from poison.
   Will:      It increases your willpower.
 p - a +2 dagger of venom (weapon)
Missiles
 h - 27 stones
 l - 13 poisoned darts
 v - 3 large rocks
 w - a curare-tipped dart
Armour
 a - a +0 robe (worn)
 r - the +1 pair of boots of Vehumet's Displeasure (worn) {Int+3}
   (You found it on level 5 of the Dungeon)

   Int:       It affects your intelligence (+3).
Jewellery
 d - a ring of positive energy (left hand)
 g - an amulet of guardian spirit (around neck)
 n - a ring of see invisible (right hand)
Wands
 q - a wand of charming (4)
 u - a wand of polymorph (10)
Scrolls
 c - 3 scrolls of silence
 e - 2 scrolls of teleportation
 i - a scroll of fog
 o - 3 scrolls of torment
 s - a scroll of fear {unknown}
 x - a scroll of vulnerability {unknown}
 y - 2 scrolls of identify
Potions
 b - a potion of magic
 f - a potion of cancellation
 j - 2 potions of might
 t - a potion of lignification {unknown}


   Skills:
 * Level 3.7 Short Blades
 * Level 3.0 Dodging
 * Level 4.4 Stealth
 * Level 5.7 Spellcasting
 + Level 0.2 Conjurations
 * Level 6.2 Summonings
 * Level 0.4 Transmutations
 + Level 1.1 Fire Magic
 - Level 4.0 Evocations


You had 8 spell levels left.
You knew the following spells:

 Your Spells              Type           Power      Damage    Failure   Level
a - Summon Small Mammal   Summ           100%       N/A       1%          1
b - Call Imp              Summ           29%        N/A       1%          2
c - Call Canine Familiar  Summ           29%        N/A       2%          3
d - Beastly Appendage     Tmut           14%        N/A       10%         1
e - Foxfire               Conj/Fire      32%        2x1d5     9%          1
f - Passwall              Tmut/Erth      5%         N/A       16%         2

Your spell library contained the following spells:

 Spells                   Type           Power      Damage    Failure   Level
 Summon Guardian Golem    Hex/Summ       17%        N/A       10%         3
 Wereblood                Tmut           7%         N/A       14%         2
 Ensorcelled Hibernation  Hex/Ice        10%        N/A       17%         2
 Inner Flame              Hex/Fire       7%         N/A       26%         3
 Spider Form              Tmut/Pois      6%         N/A       32%         3
 Summon Lightning Spire   Summ/Air       17%        N/A       32%         4
 Ozocubu's Armour         Ice            5%         N/A       34%         3
 Portal Projectile        Hex/Tloc       10%        N/A       34%         3
 Swiftness                Air            5%         N/A       34%         3
 Fireball                 Conj/Fire      4%         3d4       94%         5
 Starburst                Conj/Fire      4%         6d3       100%        6


Dungeon Overview and Level Annotations

Branches:
Dungeon (8/15)             Temple (0/1) D:5
   Lair: D:8-11

Altars:


Innate Abilities, Weirdness & Mutations

You are small and have problems with some larger weapons.
You are completely attuned to the shadows.
You possess an exceptional clarity of mind.
Your muscles are strong. (Str +4, Int/Dex -1)


Message History

You hit the wight.
The wight is lightly damaged.
You barely miss the wight.
The wight is lightly damaged.
The wight hits you with a +0 long sword!
* * * LOW HITPOINT WARNING * * *
You partially resist.
You feel drained.
You hit the wight but do no damage.
The wight is lightly damaged.
The wight misses you.
You closely miss the wight.
The wight is lightly damaged.
The wight hits you with a +0 long sword.
* * * LOW HITPOINT WARNING * * *
You partially resist.
You feel drained.
* * * LOW HITPOINT WARNING * * *
You hit the wight but do no damage.
The wight is lightly damaged.
The wight closely misses you.
You hit the wight but do no damage.
The wight is lightly damaged.
Aiming: Polymorph
Press: ? - help, Shift-Dir - straight line, f - wight, p - wight
Aim: a wight, wielding a +0 long sword, wearing a +0 robe and quivering stones (lightly damaged, not susceptible)
Okay, then.
It was a potion of berserk rage.
A red film seems to cover your vision as you go berserk!
You feel yourself moving faster!
You feel mighty! The wight misses you.
You hit the wight.
The wight is heavily damaged.
The wight completely misses you.
You closely miss the wight.
The wight is heavily damaged.
You hit the wight.
The wight is severely damaged.
The wight barely misses you.
You hit the wight.
The wight is almost destroyed.
The wight hits you with a +0 long sword!
You die...

#........####..#(
........#.# .#.
.......###.# .
....>...##5# ..
........##.##.#
........##5#..#
#z...##.#.#
#z#####...# #@#
###.# #.# #.#
####.# #.# ......#
#.#
.O.....#######.#
.........b.....###
.......#........)#
...[...#.........#
.#....#.........#


You could see 2 wights.

Vanquished Creatures
  A kobold brigand (D:5)
  3 necrophages
  A wight (D:8)
  5 orc priests
  2 iguanas (D:5)
  2 orc wizards
  An adder (D:4)
  6 orcs
  2 endoplasms
  A goblin (D:1)
  A hobgoblin (D:2)
  A ball python (D:3)
  A frilled lizard (D:1)
  A rat (D:3)
28 creatures vanquished.

Vanquished Creatures (collateral kills)
  A water moccasin (D:5)
  A necrophage (D:5)
  A bullfrog (D:8)
  A scorpion (D:4)
  An orc wizard (D:4)
  5 adders
  2 ufetubi
  A worm (D:2)
  A dart slug (D:4)
  12 orcs
  7 ball pythons
  A bat (D:3)
  An endoplasm (D:3)
  3 giant cockroaches (D:2)
  4 hobgoblins
  4 kobolds
  2 quokkas
  5 frilled lizards
  8 goblins
  7 rats
68 creatures vanquished.

Vanquished Creatures (others)
  2 demonic plants (D:1)
  65 foxfires
  A fungus (D:1)
  48 plants (D:3)
116 creatures vanquished.

Grand Total: 212 creatures vanquished

Notes
Turn   | Place    | Note
-------+----------+-------------------------------------------
     0 | D:1      | locomotivebreath the Kobold Summoner began the quest for
                  | the Orb.
     0 | D:1      | Reached XP level 1. HP: 10/10 MP: 3/3
    97 | D:1      | Found a faded altar of an unknown god.
   622 | D:1      | Reached XP level 2. HP: 15/15 MP: 5/5
   917 | D:1      | Learned a level 2 spell: Call Imp
  1400 | D:2      | Reached XP level 3. HP: 19/19 MP: 1/6
  2266 | D:2      | Learned a level 3 spell: Call Canine Familiar
  2723 | D:2      | Gained mutation: You possess an exceptional clarity of
                  | mind. [potion of mutation]
  2723 | D:2      | Gained mutation: You are frail. (-10% HP) [potion of
                  | mutation]
  2723 | D:2      | Lost mutation: You are frail. (-10% HP) [potion of
                  | mutation]
  2723 | D:2      | Gained mutation: Your muscles are strong. (Str +4, Int/Dex
                  | -1) [potion of mutation]
  2951 | D:3      | Identified the +4 dagger "Beetlebane" {antimagic, rPois rC+
                  | Will+}
  3242 | D:3      | Reached XP level 4. HP: 24/24 MP: 2/8
  3377 | D:3      | Learned a level 1 spell: Beastly Appendage
  3425 | D:3      | Reached skill level 1 in Short Blades
  3449 | D:3      | Reached skill level 1 in Evocations
  3953 | D:3      | Reached XP level 5. HP: 11/28 MP: 4/9
  5158 | D:4      | Reached skill level 5 in Summonings
  5158 | D:4      | Reached XP level 6. HP: 32/32 MP: 6/11
  5174 | D:4      | Learned a level 1 spell: Foxfire
  5814 | D:4      | Got the Folio of Hyperborean Imprecation
  6529 | D:4      | Reached skill level 1 in Fire Magic
  6543 | D:4      | Reached XP level 7. HP: 32/36 MP: 1/13
  6632 | D:5      | Entered Level 5 of the Dungeon
  6763 | D:5      | Noticed a water moccasin
  6995 | D:5      | Identified the +1 pair of boots of Vehumet's Displeasure
                  | {Int+3}
  6998 | D:5      | Found a staircase to the Ecumenical Temple.
  7167 | D:5      | Killed a water moccasin
  7216 | D:5      | Reached skill level 5 in Spellcasting
  7216 | D:5      | Reached XP level 8. HP: 33/41 MP: 5/15
  7386 | D:5      | Learned a level 2 spell: Passwall
  7652 | D:5      | You fall into a shaft and drop 3 floors!
  7681 | D:8      | Reached skill level 6 in Summonings
  7687 | D:8      | Noticed a yak
  7770 | D:8      | Noticed a wyvern
  7773 | D:8      | Noticed a two-headed ogre
  7823 | D:8      | Slain by a wight

Illustrated notes

Levels and vault maps discovered:
D:1:      minmay_arrival_five_plusses, layout_basic,
          shapermc_ecumenical_altar_gd
D:2:      layout_rooms
D:3:      layout_loops_ring, chequers_serial_rivers_large_a,
          serial_bayou_lagoon_a
D:4:      layout_rooms, minivault_1
D:5:      layout_gridville, temple_statues
D:8:      cheibrodos_fzero, layout_basic, david_lair_generic,
          uniq_prince_ribbit1

Skill      XL: |  1  2  3  4  5  6  7  8 |
---------------+-------------------------+-----
Stealth        | 3 4 |  4.4
Short Blades   | 1 2 3 |  3.7
Evocations     | 1 2 3 4 |  4.0
Spellcasting   | 3 4 5 |  5.7
Summonings     | 5 6 |  6.2
Fire Magic     | 1 |  1.1
Dodging        | 3 |  3.0
Conjurations   | |  0.2
Transmutations | |  0.4

Action                     |  1- 3 |  4- 6 |  7- 9 || total
---------------------------+-------+-------+-------++-------
  Melee: Dagger            |    11 |    38 |    80 ||   129
         Kick              |       |     2 |       ||     2
         Headbutt          |       |     1 |       ||     1
         Punch             |       |       |     2 ||     2
   Cast: Summon Small Mamm |   101 |   100 |    33 ||   234
         Call Imp          |    25 |    35 |    13 ||    73
         Call Canine Famil |     5 |    20 |    17 ||    42
         Beastly Appendage |       |     5 |     1 ||     6
         Foxfire           |       |    27 |    10 ||    37
         Passwall          |       |       |     7 ||     7
    Use: Scroll            |     3 |     6 |     1 ||    10
         Potion            |     3 |     6 |     2 ||    11
   Stab: Distracted        |       |       |     3 ||     3
 Armour: Robe              |       |     7 |     9 ||    16
  Dodge: Dodged            |     8 |    34 |    48 ||    90

Table legend: (Time is in decaauts)
 A = Elapsed time spent in this place.
 B = Non-inter-level travel time spent in this place.
 C = Inter-level travel time spent in this place.
 D = Time resting spent in this place.
 E = Time spent auto-exploring this place.
 F = Levels seen in this place.
 G = Mean time per level.
                   A        B        C        D        E       F      G
               +--------+--------+--------+--------+--------+-----+--------+
         Total |   7840 |   7428 |    412 |    872 |   5237 |   6 | 1306.7 |
       Dungeon |   7840 |   7428 |    412 |    872 |   5237 |   6 | 1306.7 |
               +--------+--------+--------+--------+--------+-----+--------+

Top non-repeatable levels by time:
     D:3: 2210 daAuts
     D:4: 1824 daAuts
     D:2: 1546 daAuts
     D:1: 1184 daAuts
     D:5: 909 daAuts
     D:8: 165 daAuts
